%YAML 1.1
%TAG !u! tag:unity3d.com,2011:
--- !u!1 &5038708078319358140
GameObject:
  m_ObjectHideFlags: 0
  m_CorrespondingSourceObject: {fileID: 0}
  m_PrefabInstance: {fileID: 0}
  m_PrefabAsset: {fileID: 0}
  serializedVersion: 6
  m_Component:
  - component: {fileID: 4505637438050634169}
  - component: {fileID: 7514168277338035640}
  m_Layer: 0
  m_Name: Roof_Collider_2
  m_TagString: Untagged
  m_Icon: {fileID: 0}
  m_NavMeshLayer: 0
  m_StaticEditorFlags: 0
  m_IsActive: 1
--- !u!4 &4505637438050634169
Transform:
  m_ObjectHideFlags: 0
  m_CorrespondingSourceObject: {fileID: 0}
  m_PrefabInstance: {fileID: 0}
  m_PrefabAsset: {fileID: 0}
  m_GameObject: {fileID: 5038708078319358140}
  serializedVersion: 2
  m_LocalRotation: {x: 0.66449046, y: 0.24176934, z: -0.24176934, w: 0.6644905}
  m_LocalPosition: {x: 1.609024, y: 1.3020359, z: 2.5599995}
  m_LocalScale: {x: 1, y: 1, z: 1}
  m_ConstrainProportionsScale: 0
  m_Children: []
  m_Father: {fileID: 711547573805619739}
  m_LocalEulerAnglesHint: {x: 90, y: 0, z: -39.987}
--- !u!65 &7514168277338035640
BoxCollider:
  m_ObjectHideFlags: 0
  m_CorrespondingSourceObject: {fileID: 0}
  m_PrefabInstance: {fileID: 0}
  m_PrefabAsset: {fileID: 0}
  m_GameObject: {fileID: 5038708078319358140}
  m_Material: {fileID: 0}
  m_IncludeLayers:
    serializedVersion: 2
    m_Bits: 0
  m_ExcludeLayers:
    serializedVersion: 2
    m_Bits: 0
  m_LayerOverridePriority: 0
  m_IsTrigger: 0
  m_ProvidesContacts: 0
  m_Enabled: 1
  serializedVersion: 3
  m_Size: {x: 2.6308188, y: 1.0000001, z: 3.7224197}
  m_Center: {x: -1.1240034, y: 0.000013416811, z: 1.3046904}
--- !u!1 &7894229720648345625
GameObject:
  m_ObjectHideFlags: 0
  m_CorrespondingSourceObject: {fileID: 0}
  m_PrefabInstance: {fileID: 0}
  m_PrefabAsset: {fileID: 0}
  serializedVersion: 6
  m_Component:
  - component: {fileID: 8800736853442405544}
  - component: {fileID: 3859733830874882675}
  m_Layer: 0
  m_Name: Roof_Collider_1
  m_TagString: Untagged
  m_Icon: {fileID: 0}
  m_NavMeshLayer: 0
  m_StaticEditorFlags: 0
  m_IsActive: 1
--- !u!4 &8800736853442405544
Transform:
  m_ObjectHideFlags: 0
  m_CorrespondingSourceObject: {fileID: 0}
  m_PrefabInstance: {fileID: 0}
  m_PrefabAsset: {fileID: 0}
  m_GameObject: {fileID: 7894229720648345625}
  serializedVersion: 2
  m_LocalRotation: {x: 0.6697076, y: -0.22691803, z: 0.22691801, w: 0.6697076}
  m_LocalPosition: {x: -1.0009766, y: 0.23203635, z: 2.9799995}
  m_LocalScale: {x: 1, y: 1, z: 1}
  m_ConstrainProportionsScale: 0
  m_Children: []
  m_Father: {fileID: 711547573805619739}
  m_LocalEulerAnglesHint: {x: 90, y: 0, z: 37.436005}
--- !u!65 &3859733830874882675
BoxCollider:
  m_ObjectHideFlags: 0
  m_CorrespondingSourceObject: {fileID: 0}
  m_PrefabInstance: {fileID: 0}
  m_PrefabAsset: {fileID: 0}
  m_GameObject: {fileID: 7894229720648345625}
  m_Material: {fileID: 0}
  m_IncludeLayers:
    serializedVersion: 2
    m_Bits: 0
  m_ExcludeLayers:
    serializedVersion: 2
    m_Bits: 0
  m_LayerOverridePriority: 0
  m_IsTrigger: 0
  m_ProvidesContacts: 0
  m_Enabled: 1
  serializedVersion: 3
  m_Size: {x: 2.6856594, y: 1.0000001, z: 3.6616974}
  m_Center: {x: 0.3170536, y: -0.000010625885, z: 0.2524593}
--- !u!1001 &1032825985151860208
PrefabInstance:
  m_ObjectHideFlags: 0
  serializedVersion: 2
  m_Modification:
    serializedVersion: 3
    m_TransformParent: {fileID: 0}
    m_Modifications:
    - target: {fileID: -8679921383154817045, guid: 604f42aec59d5954b981387945c970b1, type: 3}
      propertyPath: m_LocalPosition.x
      value: 45.20839
      objectReference: {fileID: 0}
    - target: {fileID: -8679921383154817045, guid: 604f42aec59d5954b981387945c970b1, type: 3}
      propertyPath: m_LocalPosition.y
      value: 0
      objectReference: {fileID: 0}
    - target: {fileID: -8679921383154817045, guid: 604f42aec59d5954b981387945c970b1, type: 3}
      propertyPath: m_LocalPosition.z
      value: -18.729424
      objectReference: {fileID: 0}
    - target: {fileID: -8679921383154817045, guid: 604f42aec59d5954b981387945c970b1, type: 3}
      propertyPath: m_LocalRotation.w
      value: 0.7071067
      objectReference: {fileID: 0}
    - target: {fileID: -8679921383154817045, guid: 604f42aec59d5954b981387945c970b1, type: 3}
      propertyPath: m_LocalRotation.x
      value: -0.7071068
      objectReference: {fileID: 0}
    - target: {fileID: -8679921383154817045, guid: 604f42aec59d5954b981387945c970b1, type: 3}
      propertyPath: m_LocalRotation.y
      value: 0
      objectReference: {fileID: 0}
    - target: {fileID: -8679921383154817045, guid: 604f42aec59d5954b981387945c970b1, type: 3}
      propertyPath: m_LocalRotation.z
      value: -0
      objectReference: {fileID: 0}
    - target: {fileID: -8679921383154817045, guid: 604f42aec59d5954b981387945c970b1, type: 3}
      propertyPath: m_LocalEulerAnglesHint.x
      value: 0
      objectReference: {fileID: 0}
    - target: {fileID: -8679921383154817045, guid: 604f42aec59d5954b981387945c970b1, type: 3}
      propertyPath: m_LocalEulerAnglesHint.y
      value: 0
      objectReference: {fileID: 0}
    - target: {fileID: -8679921383154817045, guid: 604f42aec59d5954b981387945c970b1, type: 3}
      propertyPath: m_LocalEulerAnglesHint.z
      value: 0
      objectReference: {fileID: 0}
    - target: {fileID: -7511558181221131132, guid: 604f42aec59d5954b981387945c970b1, type: 3}
      propertyPath: m_Materials.Array.data[4]
      value: 
      objectReference: {fileID: 2100000, guid: 155085c2575b2f04fae0726f2517de96, type: 2}
    - target: {fileID: 919132149155446097, guid: 604f42aec59d5954b981387945c970b1, type: 3}
      propertyPath: m_Name
      value: Water_Elemental_House
      objectReference: {fileID: 0}
    m_RemovedComponents: []
    m_RemovedGameObjects: []
    m_AddedGameObjects:
    - targetCorrespondingSourceObject: {fileID: -8679921383154817045, guid: 604f42aec59d5954b981387945c970b1, type: 3}
      insertIndex: -1
      addedObject: {fileID: 8800736853442405544}
    - targetCorrespondingSourceObject: {fileID: -8679921383154817045, guid: 604f42aec59d5954b981387945c970b1, type: 3}
      insertIndex: -1
      addedObject: {fileID: 4505637438050634169}
    m_AddedComponents:
    - targetCorrespondingSourceObject: {fileID: 919132149155446097, guid: 604f42aec59d5954b981387945c970b1, type: 3}
      insertIndex: -1
      addedObject: {fileID: 4251198628526744192}
    - targetCorrespondingSourceObject: {fileID: 919132149155446097, guid: 604f42aec59d5954b981387945c970b1, type: 3}
      insertIndex: -1
      addedObject: {fileID: 1857037645685148871}
    - targetCorrespondingSourceObject: {fileID: 919132149155446097, guid: 604f42aec59d5954b981387945c970b1, type: 3}
      insertIndex: -1
      addedObject: {fileID: 1548577050205529170}
  m_SourcePrefab: {fileID: 100100000, guid: 604f42aec59d5954b981387945c970b1, type: 3}
--- !u!1 &185839536994631841 stripped
GameObject:
  m_CorrespondingSourceObject: {fileID: 919132149155446097, guid: 604f42aec59d5954b981387945c970b1, type: 3}
  m_PrefabInstance: {fileID: 1032825985151860208}
  m_PrefabAsset: {fileID: 0}
--- !u!65 &4251198628526744192
BoxCollider:
  m_ObjectHideFlags: 0
  m_CorrespondingSourceObject: {fileID: 0}
  m_PrefabInstance: {fileID: 0}
  m_PrefabAsset: {fileID: 0}
  m_GameObject: {fileID: 185839536994631841}
  m_Material: {fileID: 0}
  m_IncludeLayers:
    serializedVersion: 2
    m_Bits: 0
  m_ExcludeLayers:
    serializedVersion: 2
    m_Bits: 0
  m_LayerOverridePriority: 0
  m_IsTrigger: 0
  m_ProvidesContacts: 0
  m_Enabled: 1
  serializedVersion: 3
  m_Size: {x: 3.385147, y: 3.3773413, z: 1.8834075}
  m_Center: {x: 0.019622803, y: 0.011134387, z: 0.73158556}
--- !u!65 &1857037645685148871
BoxCollider:
  m_ObjectHideFlags: 0
  m_CorrespondingSourceObject: {fileID: 0}
  m_PrefabInstance: {fileID: 0}
  m_PrefabAsset: {fileID: 0}
  m_GameObject: {fileID: 185839536994631841}
  m_Material: {fileID: 0}
  m_IncludeLayers:
    serializedVersion: 2
    m_Bits: 0
  m_ExcludeLayers:
    serializedVersion: 2
    m_Bits: 0
  m_LayerOverridePriority: 0
  m_IsTrigger: 0
  m_ProvidesContacts: 0
  m_Enabled: 1
  serializedVersion: 3
  m_Size: {x: 3.5511513, y: 3.5954237, z: 1.0350987}
  m_Center: {x: -0.01748848, y: 0.0067377095, z: 2.2090724}
--- !u!65 &1548577050205529170
BoxCollider:
  m_ObjectHideFlags: 0
  m_CorrespondingSourceObject: {fileID: 0}
  m_PrefabInstance: {fileID: 0}
  m_PrefabAsset: {fileID: 0}
  m_GameObject: {fileID: 185839536994631841}
  m_Material: {fileID: 0}
  m_IncludeLayers:
    serializedVersion: 2
    m_Bits: 0
  m_ExcludeLayers:
    serializedVersion: 2
    m_Bits: 0
  m_LayerOverridePriority: 0
  m_IsTrigger: 0
  m_ProvidesContacts: 0
  m_Enabled: 1
  serializedVersion: 3
  m_Size: {x: 0.40877914, y: 0.38047028, z: 0.79635346}
  m_Center: {x: -0.581995, y: 0.9040526, z: 4.1697516}
--- !u!4 &711547573805619739 stripped
Transform:
  m_CorrespondingSourceObject: {fileID: -8679921383154817045, guid: 604f42aec59d5954b981387945c970b1, type: 3}
  m_PrefabInstance: {fileID: 1032825985151860208}
  m_PrefabAsset: {fileID: 0}
